DSL
DSL CHICAGO (N) CUBS @ DSL ARIZONA DIAMONDBACKS
06/10/2042
 
TOP OF THE 1ST
DSL Chicago (N) Cubs batting - Pitching for DSL Arizona Diamondbacks : RHP Tyrone Dockery
Pitching: RHP Tyrone Dockery
Batting: RHB Pepe Ramírez 0-0: Ground out 6-3 (Groundball, 6, EV 109.4 MPH)
Batting: RHB Esteban Garza 0-0: Ball
1-0: Called Strike
1-1: Called Strike
1-2: Strikes out swinging
Batting: RHB Ben Greene 0-0: Ground out 4-3 (Groundball, 4, EV 85.0 MPH)
Top of the 1st over - 0 runs, 0 hits, 0 errors, 0 left on base; DSL Chicago (N) 0 - DSL Arizona 0
BOTTOM OF THE 1ST
DSL Arizona Diamondbacks batting - Pitching for DSL Chicago (N) Cubs : LHP Bob Taylor
Pitching: LHP Bob Taylor
Batting: LHB David Warmisch 0-0: Ball
1-0: Ball
2-0: Foul Ball, location: 3F
2-1: SINGLE (Groundball, 15S, EV 64.4 MPH) (infield hit)
Batting: RHB Norberto Vega 0-0: Sac Bunt to 15S - play at first, batter safe!
David Warmisch to second
Batting: RHB José León 0-0: Called Strike
0-1: Swinging Strike
0-2: Foul Ball, location: 3FF
0-2: Ball
1-2: Strikes out swinging
Batting: RHB Sean Mitchell 0-0: Called Strike
David Warmisch steals 3rd base
Norberto Vega to second
0-1: Ball
1-1: Ground out 4-3 (Groundball, 4, EV 89.4 MPH)
David Warmisch scores
Norberto Vega to third
Batting: LHB Bob Metcalf 0-0: Called Strike
0-1: Ground out 3-1 (Groundball, 34, EV 102.5 MPH)
Bottom of the 1st over - 1 run, 2 hits, 0 errors, 1 left on base; DSL Chicago (N) 0 - DSL Arizona 1
TOP OF THE 2ND
DSL Chicago (N) Cubs batting - Pitching for DSL Arizona Diamondbacks : RHP Tyrone Dockery
Batting: LHB Manny Rangel 0-0: Ball
1-0: Ball
2-0: SINGLE (Groundball, 6MD, EV 106.3 MPH)
Batting: RHB Cisco Hernández 0-0: Fly out, F5 (Line Drive, 56, EV 63.8 MPH)
Batting: RHB Alfredo Mercado 0-0: Ball
1-0: Ball
2-0: Ball
3-0: Called Strike
3-1: Swinging Strike
3-2: Foul Ball, location: 9LDF
3-2: Base on Balls
Manny Rangel to second
Batting: LHB Leonardo González 0-0: Ball
1-0: SINGLE (Line Drive, 78S, EV 95.0 MPH)
Manny Rangel to third
Alfredo Mercado to second
Batting: RHB Ignacio García 0-0: Ball
1-0: Foul Ball, location: 7LSF
1-1: Grounds into double play, 6-4-3 (Groundball, 6MD, EV 99.4 MPH)
Top of the 2nd over - 0 runs, 2 hits, 0 errors, 2 left on base; DSL Chicago (N) 0 - DSL Arizona 1
BOTTOM OF THE 2ND
DSL Arizona Diamondbacks batting - Pitching for DSL Chicago (N) Cubs : LHP Bob Taylor
Batting: SHB Chris Porter 0-0: Ball
1-0: DOUBLE (Flyball, 8RXD, EV 100.0 MPH)
Batting: RHB Lonnie Gill 0-0: Ball
1-0: Foul Ball, location: 9LSF
1-1: Foul Ball, location: 2F
1-2: Foul Ball, location: 5FF
1-2: Fly out, F9 (Flyball, 9LD, EV 87.5 MPH)
Batting: RHB Chris Hull 0-0: Foul Ball, location: 3FF
0-1: Called Strike
0-2: Reached on error, E5 (Groundball, 56S, EV 88.1 MPH)
Batting: RHB Manny Prieto 0-0: Ball
1-0: Called Strike
1-1: Foul Ball, location: 3FF
1-2: 3-RUN HOME RUN (Flyball, 7LD, EV 99.4 MPH), Distance : 372 ft
Batting: LHB David Warmisch 0-0: Ball
1-0: Called Strike
1-1: Ball
2-1: Ball
3-1: Foul Ball, location: 5F
3-2: Base on Balls
Batting: RHB Norberto Vega 0-0: Called Strike
0-1: Ball
1-1: Swinging Strike
1-2: Ball
2-2: Ball
David Warmisch is caught stealing 2nd base 2-4
3-2: Foul Ball, location: 2F
3-2: Base on Balls
Batting: RHB José León 0-0: Foul Ball, location: 2F
0-1: Ball
Norberto Vega steals 2nd, throwing error, E2
Norberto Vega to third
1-1: Foul Ball, location: 5F
1-2: Ball
2-2: SINGLE (Line Drive, 9S, EV 96.9 MPH)
Norberto Vega scores
Batting: RHB Sean Mitchell 0-0: Called Strike
0-1: Called Strike
0-2: Strikes out swinging
Bottom of the 2nd over - 4 runs, 3 hits, 2 errors, 1 left on base; DSL Chicago (N) 0 - DSL Arizona 5
TOP OF THE 3RD
DSL Chicago (N) Cubs batting - Pitching for DSL Arizona Diamondbacks : RHP Tyrone Dockery
Batting: LHB Anastasio Gutiérrez 0-0: Swinging Strike
0-1: Ball
1-1: Swinging Strike
1-2: Strikes out swinging
Batting: RHB Pepe Ramírez 0-0: Ball
1-0: Called Strike
1-1: Fly out, F7 (Flyball, 78S, EV 91.9 MPH)
Batting: RHB Esteban Garza 0-0: Swinging Strike
0-1: Ball
1-1: Foul Ball, location: 2F
1-2: Strikes out swinging
Top of the 3rd over - 0 runs, 0 hits, 0 errors, 0 left on base; DSL Chicago (N) 0 - DSL Arizona 5
BOTTOM OF THE 3RD
DSL Arizona Diamondbacks batting - Pitching for DSL Chicago (N) Cubs : LHP Bob Taylor
Batting: LHB Bob Metcalf 0-0: Ball
1-0: Ball
2-0: Ball
3-0: Base on Balls
Pitching: RHP Randy Cahill
Batting: SHB Chris Porter 0-0: Swinging Strike
0-1: Foul Ball, location: 7LMF
0-2: Ball
1-2: Strikes out looking
Batting: RHB Lonnie Gill 0-0: Fly out, F4 (Popup, 4M, EV 55.0 MPH)
Batting: RHB Chris Hull 0-0: Ball
1-0: Swinging Strike
1-1: Fly out, F8 (Flyball, 8RD, EV 88.8 MPH)
Bottom of the 3rd over - 0 runs, 0 hits, 0 errors, 1 left on base; DSL Chicago (N) 0 - DSL Arizona 5
TOP OF THE 4TH
DSL Chicago (N) Cubs batting - Pitching for DSL Arizona Diamondbacks : RHP Tyrone Dockery
Batting: RHB Ben Greene 0-0: Ball
1-0: Fly out, F6 (Popup, 6M, EV 60.6 MPH)
Batting: LHB Manny Rangel 0-0: Ball
1-0: Called Strike
1-1: Ball
2-1: Ball
3-1: Foul Ball, location: 2F
3-2: Foul Ball, location: 2F
3-2: Strikes out looking
Batting: RHB Cisco Hernández 0-0: Fly out, F6 (Popup, 6MS, EV 67.5 MPH)
Top of the 4th over - 0 runs, 0 hits, 0 errors, 0 left on base; DSL Chicago (N) 0 - DSL Arizona 5
BOTTOM OF THE 4TH
DSL Arizona Diamondbacks batting - Pitching for DSL Chicago (N) Cubs : RHP Randy Cahill
Batting: RHB Manny Prieto 0-0: Ball
1-0: Ball
2-0: Ball
3-0: Called Strike
3-1: Swinging Strike
3-2: Base on Balls
Batting: LHB David Warmisch 0-0: Ball
1-0: Ball
2-0: Grounds into double play, 5-4-3 (Groundball, 15, EV 85.0 MPH)
Batting: RHB Norberto Vega 0-0: Ball
1-0: Ball
2-0: Called Strike
2-1: Ball
3-1: Foul Ball, location: 5FF
3-2: Base on Balls
Batting: RHB José León 0-0: Foul Ball, location: 2F
0-1: Ball
Norberto Vega is caught stealing 2nd base 2-4
Bottom of the 4th over - 0 runs, 0 hits, 0 errors, 0 left on base; DSL Chicago (N) 0 - DSL Arizona 5
TOP OF THE 5TH
DSL Chicago (N) Cubs batting - Pitching for DSL Arizona Diamondbacks : RHP Tyrone Dockery
Batting: RHB Alfredo Mercado 0-0: Ball
1-0: Ball
2-0: Swinging Strike
2-1: Ball
3-1: Foul Ball, location: 3F
3-2: Foul Ball, location: 7LMF
3-2: Foul Ball, location: 2F
3-2: Strikes out looking
Batting: LHB Leonardo González 0-0: Foul Ball, location: 7LMF
0-1: Foul Ball, location: 2F
0-2: Ball
1-2: Strikes out looking
Batting: RHB Ignacio García 0-0: Ball
1-0: Fly out, F7 (Flyball, 7S, EV 93.8 MPH)
Top of the 5th over - 0 runs, 0 hits, 0 errors, 0 left on base; DSL Chicago (N) 0 - DSL Arizona 5
BOTTOM OF THE 5TH
DSL Arizona Diamondbacks batting - Pitching for DSL Chicago (N) Cubs : RHP Randy Cahill
Batting: RHB José León 0-0: Ball
1-0: Ball
2-0: Foul Ball, location: 2F
2-1: Foul Ball, location: 3FF
2-2: Ball
3-2: Strikes out looking
Batting: RHB Sean Mitchell 0-0: Swinging Strike
0-1: Foul Ball, location: 3F
0-2: Ball
1-2: Ball
2-2: Foul Ball, location: 5F
2-2: Foul Ball, location: 2F
2-2: Foul Ball, location: 7LDF
2-2: Fly out, F9 (Flyball, 89M, EV 90.6 MPH)
Batting: LHB Bob Metcalf 0-0: Ball
1-0: Ball
2-0: Swinging Strike
2-1: Ball
3-1: Base on Balls
Batting: SHB Chris Porter 0-0: Ball
1-0: Swinging Strike
1-1: Ball
2-1: Foul Ball, location: 23FF
2-2: Foul Ball, location: 23FF
2-2: Strikes out swinging
Bottom of the 5th over - 0 runs, 0 hits, 0 errors, 1 left on base; DSL Chicago (N) 0 - DSL Arizona 5
TOP OF THE 6TH
DSL Chicago (N) Cubs batting - Pitching for DSL Arizona Diamondbacks : RHP Tyrone Dockery
Batting: LHB Anastasio Gutiérrez 0-0: Foul Ball, location: 7LMF
0-1: Ball
1-1: Swinging Strike
1-2: Ball
2-2: SINGLE (Line Drive, 7S, EV 105.0 MPH)
Batting: RHB Pepe Ramírez 0-0: Called Strike
0-1: Ball
1-1: Ball
2-1: Foul Ball, location: 2F
2-2: Strikes out looking
Batting: RHB Esteban Garza 0-0: Called Strike
0-1: Foul Ball, location: 3FF
0-2: Ball
1-2: Ball
2-2: Strikes out looking
Batting: RHB Ben Greene 0-0: Ball
Anastasio Gutiérrez steals 2nd base
1-0: Foul Ball, location: 2F
1-1: Foul Ball, location: 23F
1-2: Ground out 5-3 (Groundball, 56, EV 90.0 MPH)
Top of the 6th over - 0 runs, 1 hit, 0 errors, 1 left on base; DSL Chicago (N) 0 - DSL Arizona 5
BOTTOM OF THE 6TH
DSL Arizona Diamondbacks batting - Pitching for DSL Chicago (N) Cubs : RHP Randy Cahill
Batting: RHB Lonnie Gill 0-0: Ball
1-0: Swinging Strike
1-1: Called Strike
1-2: Strikes out swinging
Batting: RHB Chris Hull 0-0: Ball
1-0: Ground out 6-3 (Groundball, 6, EV 86.3 MPH)
Batting: RHB Manny Prieto 0-0: Ball
1-0: Fly out, F9 (Flyball, 89M, EV 82.5 MPH)
Bottom of the 6th over - 0 runs, 0 hits, 0 errors, 0 left on base; DSL Chicago (N) 0 - DSL Arizona 5
TOP OF THE 7TH
DSL Chicago (N) Cubs batting - Pitching for DSL Arizona Diamondbacks : RHP Tyrone Dockery
Batting: LHB Manny Rangel 0-0: Ball
1-0: Ball
2-0: Foul Ball, location: 2F
2-1: Ball
3-1: SINGLE (Line Drive, 4D, EV 98.1 MPH)
Batting: RHB Cisco Hernández 0-0: Called Strike
0-1: Ball
1-1: Foul Ball, location: 9LSF
1-2: Ball
2-2: Fly out, F9 (Flyball, 9D, EV 101.3 MPH)
Batting: RHB Alfredo Mercado 0-0: Ball
1-0: Called Strike
1-1: Foul Ball, location: 2F
1-2: Foul Ball, location: 2F
1-2: Ball
2-2: Ball
3-2: Foul Ball, location: 7LMF
3-2: Strikes out swinging
Batting: LHB Leonardo González Pickoff Throw to First - Error! E1
Manny Rangel to second
0-0: Called Strike
0-1: Ball
1-1: Ball
2-1: Ball
3-1: Base on Balls
Batting: RHB Ignacio García 0-0: Ball
1-0: Ball
2-0: Ball
3-0: Called Strike
3-1: SINGLE (Groundball, 56D, EV 96.3 MPH)
Manny Rangel to third
Leonardo González to second
Runner from 3rd tries for Home, throw by LF and OUT! 7-2
Top of the 7th over - 0 runs, 2 hits, 1 error, 2 left on base; DSL Chicago (N) 0 - DSL Arizona 5
BOTTOM OF THE 7TH
DSL Arizona Diamondbacks batting - Pitching for DSL Chicago (N) Cubs : RHP Randy Cahill
Batting: LHB David Warmisch 0-0: Called Strike
0-1: SINGLE (Line Drive, 4D, EV 95.0 MPH)
Batting: RHB Norberto Vega 0-0: Ball
1-0: Ball
2-0: Ball
3-0: Called Strike
3-1: Called Strike
3-2: Fly out, F3 (Popup, 3SF, EV 76.3 MPH)
Pitching: RHP Pancho Escobar
Batting: RHB José León 0-0: Swinging Strike
0-1: Foul Ball, location: 3FF
0-2: Ball
1-2: Foul Ball, location: 2F
1-2: Foul Ball, location: 2F
1-2: Strikes out swinging
David Warmisch steals 2nd base
Batter strikes out.
Batting: RHB Sean Mitchell 0-0: Ball
1-0: Fly out, F4 (Popup, 23, EV 91.9 MPH)
Bottom of the 7th over - 0 runs, 1 hit, 0 errors, 1 left on base; DSL Chicago (N) 0 - DSL Arizona 5
TOP OF THE 8TH
DSL Chicago (N) Cubs batting - Pitching for DSL Arizona Diamondbacks : RHP Tyrone Dockery
DELAY Rain delay of 68 minutes in the 8th inning.
Pitching: RHP Jorge Gómez
Batting: LHB Anastasio Gutiérrez 0-0: Ball
1-0: Ball
2-0: Called Strike
2-1: Swinging Strike
2-2: Strikes out swinging
Pinch Hitting: RHB Juan Segura 0-0: Called Strike
0-1: Ball
1-1: Ball
2-1: Called Strike
2-2: Strikes out looking
Pinch Hitting: RHB José Soto 0-0: Ground out 3-1 (Groundball, 34S, EV 71.9 MPH)
Top of the 8th over - 0 runs, 0 hits, 0 errors, 0 left on base; DSL Chicago (N) 0 - DSL Arizona 5
BOTTOM OF THE 8TH
DSL Arizona Diamondbacks batting - Pitching for DSL Chicago (N) Cubs : RHP Pancho Escobar
Now at 2B: Juan Segura
Now in LF: José Soto
Now in CF: Anastasio Gutiérrez
Batting: LHB Bob Metcalf 0-0: Foul Ball, location: 7LSF
0-1: Ball
1-1: Called Strike
1-2: Ball
2-2: Ball
3-2: Base on Balls
Batting: SHB Chris Porter 0-0: DOUBLE (Line Drive, 3D, EV 102.5 MPH)
Bob Metcalf to third
Batting: LHB Orlando Ramírez 0-0: Ball
1-0: Foul Ball, location: 2F
1-1: Ball
Wild Pitch!
Bob Metcalf scores
Chris Porter to third
2-1: Swinging Strike
2-2: Ball
3-2: Ground out 2-3 (Groundball, 2L, EV 68.1 MPH)
Pinch Hitting: LHB Mario Sánchez 0-0: Ball
1-0: Foul Ball, location: 2F
1-1: Fly out, F8 (Line Drive, 8RM, EV 77.5 MPH)
Batting: RHB Manny Prieto 0-0: Called Strike
0-1: Ball
1-1: Foul Ball, location: 2F
1-2: Ball
2-2: Strikes out swinging
Bottom of the 8th over - 1 run, 1 hit, 0 errors, 1 left on base; DSL Chicago (N) 0 - DSL Arizona 6
TOP OF THE 9TH
DSL Chicago (N) Cubs batting - Pitching for DSL Arizona Diamondbacks : RHP Jorge Gómez
Now in RF: Mario Sánchez
Pinch Hitting: RHB Jesús Lara 0-0: Ball
1-0: Foul Ball, location: 2F
1-1: Called Strike
1-2: Ball
2-2: Strikes out swinging
Batting: LHB Manny Rangel 0-0: Foul Ball, location: 2F
0-1: SOLO HOME RUN (Flyball, 78XD, EV 108.1 MPH), Distance : 427 ft
Batting: RHB José Díaz 0-0: Called Strike
0-1: Called Strike
0-2: Ball
1-2: Foul Ball, location: 25FF
1-2: Strikes out looking
Pinch Hitting: RHB Jeff Ross 0-0: Called Strike
0-1: Fly out, F5 (Line Drive, 5L, EV 67.5 MPH)
Top of the 9th over - 1 run, 1 hit, 0 errors, 0 left on base; DSL Chicago (N) 1 - DSL Arizona 6
Wednesday, May 1st , 2024 - OOTP Baseball 24.10 Build 82